 Dungeon Crawl Stone Soup version 0.27.0-1-g7a089689b8 (webtiles) character file.

Game seed: 7142988644334236040

29 snetch the Skirmisher (level 3, -3/33 HPs)
             Began as a Minotaur Berserker on Aug 4, 2021.
             Was a Follower of Trog.
             Slain by an ice beast (9 damage)
             ... on level 3 of the Dungeon.
             The game lasted 00:00:34 (298 turns).

snetch the Skirmisher (Minotaur Berserker)           Turns: 298, Time: 00:00:35

Health: -3/33      AC:  2    Str: 22    XL:     3   Next: 1%
Magic:  2/2        EV: 12    Int:  4    God:    Trog [*.....]
Gold:   10         SH:  0    Dex:  9    Spells: 2/2 levels left

rFire    + . .     SeeInvis .   a - +0 hand axe
rCold    . . .     Faith    .   (no shield)
rNeg     . . .     Spirit   .   b - +0 animal skin
rPois    .         Reflect  .   (helmet restricted)
rElec    .         Harm     .   (no cloak)
rCorr    .         Rampage  .   (no gloves)
Will     .....                  (no boots)
Stlth    +.........             (no amulet)
HPRegen  0.11/turn              f - ring of protection from fire
MPRegen  0.08/turn              (no ring)

@: on berserk cooldown, slowed, very slow
A: horns 2, retaliatory headbutt
a: Renounce Religion, Berserk


You were on level 3 of the Dungeon.
You worshipped Trog.
Trog was aware of your devotion.
You visited 1 branch of the dungeon, and saw 3 of its levels.

You collected 10 gold pieces.

Inventory:

Hand Weapons
 a - a +0 hand axe (weapon)
Missiles
 c - 25 stones (quivered)
Armour
 b - a +0 animal skin (worn)
Jewellery
 f - a ring of protection from fire (left hand)
Scrolls
 d - a scroll of magic mapping {unknown}
 g - a scroll of identify {unknown}
Potions
 e - a potion of heal wounds {unknown}


   Skills:
 + Level 4.3 Fighting
 + Level 4.2 Axes
 + Level 2.6 Armour
 + Level 2.4 Dodging


You had 2 spell levels left.
You didn't know any spells.
Your spell library was empty.

Dungeon Overview and Level Annotations

Branches:
Dungeon (3/15)

Altars:


Innate Abilities, Weirdness & Mutations

You have a pair of horns on your head.
You reflexively headbutt those who attack you in melee.


Message History

Your Fighting skill increases to level 4!
Your Axes skill increases to level 4!
You have reached level 2!
You barely miss the frilled lizard. You headbutt the frilled lizard.
You kill the frilled lizard!
Trog accepts your kill.
You have reached level 3!
Your experience leads to an increase in your attributes!
Increase (S)trength, (I)ntelligence, or (D)exterity?
You feel stronger.
A rat and an ice beast come into view.
Found a dented silver amulet.
Things that are here:
a +0 short sword; a +0 scale mail You feel a strong urge to attack something.
The rat misses you.
You slash the rat!
You kill the rat!
Trog accepts your kill.
You barely miss the ice beast. The ice beast hits you.
The ice beast freezes you.
You closely miss the ice beast. Your headbutt misses the ice beast.
You hit the ice beast but do no damage. Your headbutt misses the ice beast.
The ice beast barely misses you.
You slash the ice beast! Your headbutt misses the ice beast.
The ice beast is heavily wounded.
You are no longer berserk.
You are exhausted.
You feel yourself slow down.
The ice beast hits you but does no damage.
You closely miss the ice beast.
The ice beast is heavily wounded.
The ice beast hits you. The ice beast freezes you!
* * * LOW HITPOINT WARNING * * *
You slash the ice beast!
The ice beast is severely wounded.
The ice beast hits you.
* * * LOW HITPOINT WARNING * * *
The ice beast freezes you!
You die...

#.. .... ....#
...... ###
......####...
....#....#.####.
......†.<...?...
....####)#######
....."Y@.#
......#### .....
#... .#. #


You could see an ice beast.

Vanquished Creatures
  Terence (D:3)
  A hobgoblin (D:2)
  A frilled lizard (D:3)
  A kobold (D:2)
  2 rats
6 creatures vanquished.

Notes
Turn   | Place    | Note
-------+----------+-------------------------------------------
     0 | D:1      | snetch the Minotaur Berserker began the quest for the Orb.
     0 | D:1      | Reached XP level 1. HP: 19/19 MP: 0/0
   284 | D:3      | Noticed Terence
   287 | D:3      | Killed Terence
   288 | D:3      | Reached XP level 2. HP: 27/27 MP: 1/1
   290 | D:3      | Reached XP level 3. HP: 33/33 MP: 2/2
   290 | D:3      | Noticed an ice beast
   298 | D:3      | Slain by an ice beast

Illustrated notes

Levels and vault maps discovered:
D:1:      dpeg_arrival_tiny_j, layout_loops_ring,
          hellmonk_ecumenical_altar_heavens_door
D:2:      layout_loops_ring, columned_hall_lemuel
D:3:      minmay_recursive_quarters, layout_basic,
          chequers_serial_rivers_micro_c, minmay_misc_feat_secret_circle,
          amcnicky_mini_pool_small, minivault_24, kennysheep_jessica_study,
          uniq_natasha, uniq_terence

Skill      XL: |  1 |
---------------+----+-----
Fighting       | 4 |  4.3
Axes           | 4 |  4.2
Armour         | |  2.6
Dodging        | |  2.4

Action                   || total
-------------------------++-------
Melee: Hand axe          ||    17
       Headbutt          ||     2
Invok: Berserk           ||     1
Armor: Animal skin       ||     2
Dodge: Dodged            ||     4
